 Dungeon Crawl Stone Soup version 0.29-a0-25-g7f48f510a0 (webtiles) character file.

Game seed: 14421587363317510717

686 lunkers the Tainter (level 7, -5/46 HPs)
             Began as a Merfolk Venom Mage on Jan 31, 2022.
             Slain by an orc warrior (6 damage)
             ... on level 5 of the Dungeon.
             The game lasted 00:08:48 (7692 turns).

lunkers the Tainter (Merfolk Venom Mage)            Turns: 7692, Time: 00:08:48

Health: -5/46      AC:  5    Str:  8    XL:     7   Next: 62%
Magic:  6/13       EV: 13    Int: 17    God:
Gold:   209        SH:  0    Dex: 17    Spells: 8/15 levels left

rFire   . . .      SeeInvis .   r - +5 hand axe of Uncertain Death {flame, Dex+3}
rCold   . . .      Faith    .   (no shield)
rNeg    . . .      Spirit   .   a - +0 robe
rPois   .          Reflect  .   (no helmet)
rElec   .          Harm     .   (no cloak)
rCorr   .          Rampage  .   i - +0 pair of gloves
Will    .....                   u - +1 pair of boots
Stlth   ++........              j - amulet of regeneration
HPRegen 0.95/turn               (no ring)
MPRegen 0.13/turn               (no ring)

@: no status effects
A: (nimble swimmer 2), mertail
a: no special abilities


You were on level 5 of the Dungeon.
You visited 1 branch of the dungeon, and saw 5 of its levels.

You collected 209 gold pieces.

Inventory:

Hand Weapons
 r - the +5 hand axe of Uncertain Death (weapon) {flame, Dex+3}
   (You found it on level 4 of the Dungeon)

   It burns those it strikes, dealing additional fire damage.
   Big, fiery blades are also staple armaments of hydra-hunters.
   Dex:       It affects your dexterity (+3).
Missiles
 g - 2 throwing nets
Armour
 a - a +0 robe (worn)
 i - a +0 pair of gloves (worn)
 u - a +1 pair of boots (worn)
Jewellery
 j - an amulet of regeneration (around neck)
 o - an amulet of guardian spirit
Scrolls
 d - 5 scrolls of teleportation {unknown}
 f - 6 scrolls of identify {unknown}
 h - a scroll of enchant armour {unknown}
 l - a scroll of magic mapping {unknown}
 p - 2 scrolls of silence {unknown}
 q - a scroll of immolation {unknown}
Potions
 b - a potion of heal wounds {unknown}
 c - a potion of mutation {unknown}
 e - a potion of might {unknown}
 k - 2 potions of invisibility {unknown}
 m - 4 potions of curing {unknown}
 n - a potion of attraction {unknown}
 s - 2 potions of lignification {unknown}
 t - a potion of magic {unknown}


   Skills:
 - Level 2.6 Dodging
 - Level 2.1 Stealth
 + Level 4.6 Spellcasting
 - Level 1.3 Transmutations
 * Level 8.0 Poison Magic


You had 8 spell levels left.
You knew the following spells:

 Your Spells              Type           Power      Damage    Failure   Level
a - Poisonous Vapours     Pois/Air       34%        N/A       4%          2
b - Sting                 Tmut/Pois      76%        1d6       2%          1
c - Olgreb's Toxic Radia  Pois           31%        N/A       5%          4

Your spell library contained the following spells:

 Spells                   Type           Power      Damage    Failure   Level
 Mephitic Cloud           Conj/Pois/Air  13%        N/A       14%         3


Dungeon Overview and Level Annotations

Branches:
Dungeon (5/15)
 Temple: D:4-7

Altars:
Dithmenos
Fedhas
Uskayaw


Innate Abilities, Weirdness & Mutations

((You are very nimble when in or above water. (Stealth+, EV+, Speed+++)))
Your lower body shifts to a powerful aquatic tail in water.


Message History

* * * LOW HITPOINT WARNING * * *
The killer bee zombie hits you but does no damage.
Unknown command.
Unknown command.
Casting: Olgreb's Toxic Radiance (dangerous; 5% risk of failure)
Confirm with . or Enter, or press ? or * to list all spells.
You begin to radiate toxic energy.
The ogre is poisoned.
The orc is poisoned.
The orc warrior looks even sicker.
The orc wizard looks even sicker.
The orc priest looks even sicker.
The killer bee zombie hits you.
* * * LOW HITPOINT WARNING * * *
Unknown command.
Unknown command.
Unknown command.
Unknown command.
You kill the orc!
You kill the orc wizard!
Your toxic aura wanes.
Your Poison Magic skill increases to level 8!
The orc priest calls upon Beogh to heal the orc warrior.
The orc warrior is healed somewhat.
The killer bee zombie hits you.
* * * LOW HITPOINT WARNING * * *
Unknown command.
You barely miss the killer bee zombie.
The killer bee zombie is severely damaged.
The killer bee zombie misses you.
The orc priest looks encouraged for a moment.
The killer bee zombie hits you.
* * * LOW HITPOINT WARNING * * *
Unknown command.
Unknown command.
You barely miss the killer bee zombie.
The killer bee zombie is severely damaged.
You hit the orc warrior but do no damage.
The killer bee zombie hits you.
* * * LOW HITPOINT WARNING * * *
The orc priest mumbles some strange prayers to Beogh against you.
Beogh smites you!
* * * LOW HITPOINT WARNING * * *
The killer bee zombie closely misses you.
The orc warrior hits you with a +0 hand axe.
You die...

#####.# #.............
......# #..............
###...####..............
........##..............
.......................
###...#.#..............
# #...#.#..........## #
#...#.#...........#### #
#####.......##@.......
#########.######ZoZ.....
...........# #o.......
#########..# #).......
.########..# #..O.####
...(.......# #....#
..######...# #...)# #.##
#...# #..... #..###
#...# #.....)


You could see an orc warrior (poisoned), an ogre (poisoned), an orc priest
(poisoned) and 2 killer bee zombies.

Vanquished Creatures
  Sigmund (D:3)
  A black bear (D:4)
  A howler monkey (D:4)
  3 hounds
  An iguana (D:4)
  Natasha (twice) (D:4)
  2 orc wizards
  A mummy (D:4)
  2 hound skeletons (D:4)
  3 adders
  3 gnolls (D:2)
  10 orcs
  7 endoplasms
  11 giant cockroaches
  2 goblins
  5 hobgoblins
  5 kobolds
  4 quokkas
  4 ball pythons
  2 bats
  11 frilled lizards
  3 hobgoblin zombies (D:4)
  An orc zombie (D:4)
  15 rats
100 creatures vanquished.

Vanquished Creatures (others)
  6 plants
6 creatures vanquished.

Grand Total: 106 creatures vanquished

Notes
Turn   | Place    | Note
-------+----------+-------------------------------------------
     0 | D:1      | lunkers the Merfolk Venom Mage began the quest for the Orb.
     0 | D:1      | Reached XP level 1. HP: 13/13 MP: 3/3
   366 | D:1      | Reached XP level 2. HP: 19/19 MP: 1/5
   462 | D:1      | Learned a level 2 spell: Poisonous Vapours
  1305 | D:1      | Reached skill level 4 in Poison Magic
  1634 | D:2      | Reached XP level 3. HP: 24/24 MP: 3/6
  1840 | D:2      | Found a faded altar of an unknown god.
  2657 | D:2      | Reached XP level 4. HP: 30/30 MP: 0/8
  2920 | D:2      | Found a blossoming altar of Fedhas.
  3383 | D:2      | Learned a level 4 spell: Olgreb's Toxic Radiance
  3434 | D:2      | Reached skill level 5 in Poison Magic
  4309 | D:3      | Noticed Sigmund
  4374 | D:3      | Found a hide-covered altar of Uskayaw.
  4566 | D:3      | Reached XP level 5. HP: 32/35 MP: 0/9
  5556 | D:3      | Killed Sigmund
  5557 | D:3      | Reached skill level 6 in Poison Magic
  5557 | D:3      | Reached XP level 6. HP: 13/41 MP: 2/11
  6354 | D:4      | Identified the +5 hand axe of Uncertain Death {flame,
                  | Dex+3}
  6397 | D:4      | Noticed a black bear
  6416 | D:4      | Killed a black bear
  6417 | D:4      | Reached skill level 7 in Poison Magic
  6417 | D:4      | Reached XP level 7. HP: 22/46 MP: 0/13
  6999 | D:4      | Found a shadowy altar of Dithmenos.
  7003 | D:4      | Noticed Natasha
  7009 | D:4      | Killed Natasha
  7315 | D:4      | Noticed Natasha
  7322 | D:4      | Killed Natasha
  7536 | D:5      | Entered Level 5 of the Dungeon
  7690 | D:5      | Reached skill level 8 in Poison Magic
  7692 | D:5      | HP: 1/46 [orc priest/divine providence (10)]
  7692 | D:5      | Slain by an orc warrior

Illustrated notes

Levels and vault maps discovered:
D:1:      arrival_zaba_pyramid, layout_basic, minmay_lizard_king
D:2:      layout_basic, ebering_ecumenical_altar_petrified, basic_altar,
          minmay_rat_gold_closets
D:3:      layout_loops_ring, lemuel_tele_altar, mrwooster_statue_mirror,
          corexii_shack, chequers_arboretum, grunt_decor_one_mirror,
          uniq_sigmund
D:4:      nicolae_cairo_tiling_large_dashed, layout_basic,
          mainiacjoe_overflow_24_doors, minmay_mini_ossuary, uniq_natasha
D:5:      layout_basic, general_overflow_altar

Skill      XL: |  1  2  3  4  5  6  7 |
---------------+----------------------+-----
Poison Magic   | 4 5 6 7 8 |  8.0
Spellcasting   | 3 4 |  4.6
Dodging        | |  2.6
Stealth        | |  2.1
Transmutations | |  1.3

Action                   |  1- 3 |  4- 6 |  7- 9 || total
-------------------------+-------+-------+-------++-------
Melee: Unarmed           |    12 |    70 |       ||    82
       Hand axe          |       |     1 |    44 ||    45
       Punch             |       |       |     1 ||     1
 Cast: Sting             |    62 |    10 |       ||    72
       Poisonous Vapours |    17 |   100 |    24 ||   141
       Olgreb's Toxic Ra |       |       |     2 ||     2
 Stab: Sleeping          |       |       |     1 ||     1
Armor: Robe              |     5 |    18 |    13 ||    36
Dodge: Dodged            |    11 |   105 |    36 ||   152

Table legend: (Time is in decaauts)
 A = Elapsed time spent in this place.
 B = Non-inter-level travel time spent in this place.
 C = Inter-level travel time spent in this place.
 D = Time resting spent in this place.
 E = Time spent auto-exploring this place.
 F = Levels seen in this place.
 G = Mean time per level.
                   A        B        C        D        E       F      G
               +--------+--------+--------+--------+--------+-----+--------+
         Total |   7706 |   7455 |    251 |    122 |   6366 |   5 | 1541.2 |
       Dungeon |   7706 |   7455 |    251 |    122 |   6366 |   5 | 1541.2 |
               +--------+--------+--------+--------+--------+-----+--------+

Top non-repeatable levels by time:
     D:2: 2546 daAuts
     D:3: 1777 daAuts
     D:4: 1657 daAuts
     D:1: 1567 daAuts
     D:5: 157 daAuts
